 Dungeon Crawl Stone Soup version 0.26-a0-651-gb41185065b (webtiles) character file.

Game seed: 11549387548376930982

24355 btv the Grappler (level 12, -1/109 HPs)
             Began as a Troll Fighter on Oct 20, 2020.
             Was a High Priest of Wu Jian.
             Slain by a six-headed hydra (7 damage)
             ... on level 1 of the Lair of Beasts.
             The game lasted 01:29:28 (12491 turns).

btv the Grappler (Troll Fighter)                   Turns: 12491, Time: 01:29:29

Health: -1/109     AC: 12    Str: 28    XL:     12   Next: 79%
Magic:  11/11      EV: 14    Int:  6    God:    Wu Jian [*****.]
Gold:   647        SH: 16    Dex: 10    Spells: 11/11 levels left

rFire    + . .     SeeInvis .   a - +2 morningstar
rCold    + . .     Faith    .   s - +0 kite shield
rNeg     . . .     Spirit   .   x - +2 robe {rC+ rF+}
rPois    +         Reflect  +   u - +2 hat
rElec    .         Harm     .   J - +1 cloak {rPois}
rCorr    .         Rampage  .   (gloves unavailable)
MR       +....                  (boots unavailable)
Stlth    +.........             g - amulet of reflection
HPRegen  0.68/turn              w - +4 ring of evasion
MPRegen  0.12/turn              E - ring of protection from magic

@: no status effects
A: large, unfitting armour, claws 3, regeneration 1, shaggy fur 1, tough skin 3
a: Wall Jump, Serpent's Lash, Heavenly Storm, Renounce Religion


You were on level 1 of the Lair of Beasts.
You worshipped Wu Jian.
Wu Jian was extremely pleased with you.
You visited 3 branches of the dungeon, and saw 13 of its levels.
You also visited: Ice Cave.

You collected 979 gold pieces.
You spent 332 gold pieces at shops.

Inventory:

Hand Weapons
 a - a +2 morningstar (weapon)
 b - a +1 flail
 e - a +0 vorpal war axe
 A - a +2 battleaxe of freezing
 C - a +0 whip of freezing
Missiles
 p - 13 boomerangs (quivered)
 H - a throwing net
Armour
 s - a +0 kite shield (worn)
 u - a +2 hat (worn)
 x - a +2 robe of resistance (worn)
 J - a +1 cloak of poison resistance (worn)
Jewellery
 g - an amulet of reflection (around neck)
 w - a +4 ring of evasion (left claw)
 z - a +6 ring of intelligence
 D - an uncursed amulet of the acrobat
 E - a ring of protection from magic (right claw)
 G - an uncursed ring of resist corrosion
Wands
 j - a wand of paralysis (12)
 r - a wand of digging (4)
 F - a wand of flame (14)
 K - a wand of acid (6)
 M - a wand of disintegration (11)
Scrolls
 h - 9 scrolls of teleportation
 l - 2 scrolls of magic mapping
 o - a scroll of fear
 q - a scroll of fog
 t - 9 scrolls of remove curse
 y - 2 scrolls of enchant weapon
 B - a scroll of immolation
 I - 2 scrolls of enchant armour
 L - a scroll of torment
 O - a scroll of silence
Potions
 c - a potion of might
 d - a potion of heal wounds
 f - a potion of cancellation
 i - 4 potions of flight
 k - a potion of ambrosia
 m - a potion of mutation
 n - 2 potions of curing
 v - 2 potions of invisibility
 N - 3 potions of magic


   Skills:
 + Level 4.7 Fighting
 + Level 7.6 Maces & Flails
 - Level 9.0 Throwing
 - Level 3.0 Dodging
 - Level 9.0 Shields
 + Level 12.8 Unarmed Combat
 - Level 3.0 Evocations


You had 11 spell levels left.
You didn't know any spells.
Your spell library contained the following spells:

 Spells                   Type           Power        Failure   Level
 Animate Skeleton         Necr           #.....       45%         1
 Apportation              Tloc           #.....       45%         1
 Corona                   Hex            #......      45%         1
 Pain                     Necr           #...         45%         1
 Summon Small Mammal      Summ           #...         45%         1
 Vampiric Draining        Necr           #.........   83%         3
 Animate Dead             Necr           #.........   99%         4
 Agony                    Necr           #.......     100%        5


Dungeon Overview and Level Annotations

Branches:
Dungeon (11/15)            Temple (1/1) D:6            Lair (1/6) D:8
    Orc (0/2) D:11          IceCv (visited)

Altars:
Ashenzari
Cheibriados
Dithmenos
Elyvilon
Fedhas
Gozag
Hepliaklqana
Kikubaaqudgha
Makhleb
Nemelex Xobeh
Okawaru
Qazlal
Ru
Sif Muna
Trog
Uskayaw
Vehumet
Wu Jian
Xom
Yredelemnul
Zin
The Shining One
Beogh

Shops:
D:9 !?*![


Innate Abilities, Weirdness & Mutations

You are too large for most types of armour.
You have claws for hands.
Your natural rate of healing is unusually fast.
You are covered in fur. (AC +1)
You have extremely tough skin. (AC +3)


Message History

* * * LOW HITPOINT WARNING * * *
The six-headed hydra barely misses you.
You barely miss the six-headed hydra.
The six-headed hydra is heavily wounded.
The six-headed hydra bites you but does no damage.
The six-headed hydra bites you.
* * * LOW HITPOINT WARNING * * *
You block the six-headed hydra's attack.
The six-headed hydra bites you!
* * * LOW HITPOINT WARNING * * *
The six-headed hydra bites you.
* * * LOW HITPOINT WARNING * * *
The six-headed hydra bites you but does no damage.
Aiming: Wall Jump
Press: ? - help, Dir - move target cursor, f - you, p - six-headed hydra Please select an adjacent position to wall jump against.
You hit the six-headed hydra.
The six-headed hydra is severely wounded.
The six-headed hydra bites you!
You die...

## # ##.######. .........# ##
.........+.. [........#.
.......... .........#
.........# P####.@## ####
####D.# ...# ##..††##
#####P.## #.((###
#####...#...#
##.#'########.##...#.#...#
#..(..>......# #...#...P.#
+............###.#.^##...#
...............#...#...#...P
#.##............'..##.#...#.#


You could see a six-headed hydra.

Vanquished Creatures
  A frost giant (IceCv)
  3 two-headed ogres
  A dancing weapon (D:6)
  A skeletal warrior (D:9)
  An orange crystal statue (D:11)
  The ghost of MirrMurr the Poker, a novice GrMo (D:6)
  Pikel (D:6)
  A deep elf mage (D:9)
  2 ugly things (D:11)
  An ice statue (IceCv)
  Maurice (D:8)
  A cane toad (Lair:1)
  2 komodo dragons (Lair:1)
  A rime drake (Lair:1)
  14 polar bears (IceCv)
  3 trolls
  3 hippogriffs
  Sigmund (D:4)
  23 yaks
  The ghost of PeterLawrence the Shield-Bearer, an amateur MiFi (D:4)
  5 humans (D:10)
  3 wargs (D:8)
  Edmund (D:4)
  A water moccasin (Lair:1)
  2 ice beasts
  2 black bears
  3 orc warriors
  4 sky beasts
  A necrophage (D:10)
  A phantom (D:8)
  8 ogres
  9 wolves (IceCv)
  3 centaurs
  3 crocodiles
  A big kobold (D:9)
  A lemure (D:5)
  3 bullfrogs
  4 scorpions
  15 killer bees
  6 electric eels (D:9)
  15 wights
  A howler monkey (D:9)
  2 quasits
  4 hounds
  2 bullfrog skeletons
  A centaur skeleton (D:10)
  10 orc priests
  Crazy Yiuf (D:2)
  6 jellies
  5 iguanas
  11 orc wizards
  5 worker ants
  A killer bee zombie (D:8)
  A hound skeleton (D:9)
  2 worker ant zombies (D:11)
  9 gnolls
  7 adders
  3 shadow imps
  2 white imps (D:9)
  7 ufetubi
  An ooze (D:7)
  An adder zombie (D:6)
  3 adder skeletons
  4 worms
  A dart slug (D:2)
  10 leopard geckos
  46 orcs
  3 ball pythons
  4 giant cockroaches
  10 goblins
  7 hobgoblins
  16 jackals
  5 quokkas
  6 bats
  2 frilled lizards
  A jackal skeleton (D:7)
  6 kobolds
  A leopard gecko skeleton (D:6)
  A quokka skeleton (D:5)
  8 rats
370 creatures vanquished.

Vanquished Creatures (others)
  A human (D:6)
  An orc (D:9)
  21 plants
23 creatures vanquished.

Grand Total: 393 creatures vanquished

Notes
Turn   | Place    | Note
-------+----------+-------------------------------------------
     0 | D:1      | btv the Troll Fighter began the quest for the Orb.
     0 | D:1      | Reached XP level 1. HP: 22/22 MP: 0/0
   228 | D:1      | Reached XP level 2. HP: 28/29 MP: 1/1
   931 | D:2      | Reached XP level 3. HP: 36/36 MP: 2/2
  1491 | D:2      | Found a runed translucent door.
  1492 | D:2      | Noticed Crazy Yiuf
  1704 | D:2      | Found a shimmering blue altar of Sif Muna.
  2026 | D:3      | Reached XP level 4. HP: 44/44 MP: 3/3
  2621 | D:3      | Reached skill level 3 in Unarmed Combat
  2629 | D:3      | Reached skill level 1 in Throwing
  2629 | D:3      | Reached XP level 5. HP: 50/53 MP: 4/4
  3307 | D:4      | Noticed Sigmund
  3434 | D:4      | Killed Sigmund
  3434 | D:4      | Reached XP level 6. HP: 61/61 MP: 5/5
  3459 | D:4      | Noticed Edmund
  3461 | D:4      | Found a runed translucent gate.
  3468 | D:4      | Noticed PeterLawrence's ghost (amateur MiFi)
  3469 | D:4      | Killed Edmund
  3469 | D:4      | Reached skill level 4 in Unarmed Combat
  3473 | D:4      | Found a runed translucent gate.
  3475 | D:4      | Found a runed translucent gate.
  3481 | D:4      | Found a roughly hewn altar of Beogh.
  3512 | D:4      | Found a shimmering blue altar of Sif Muna.
  3730 | D:4      | Reached XP level 7. HP: 66/68 MP: 6/6
  3978 | D:2      | Killed Crazy Yiuf
  4178 | D:4      | Killed PeterLawrence's ghost
  4252 | D:4      | Found a roughly hewn altar of Beogh.
  4659 | D:5      | Entered Level 5 of the Dungeon
  4879 | D:5      | Reached skill level 5 in Unarmed Combat
  5109 | D:5      | Reached XP level 8. HP: 78/78 MP: 7/7
  5538 | D:6      | Noticed Pikel
  5635 | D:6      | Found a staircase to the Ecumenical Temple.
  5683 | D:6      | Killed Pikel
  5683 | D:6      | Reached skill level 5 in Shields
  5683 | D:6      | Reached skill level 6 in Unarmed Combat
  5770 | D:6      | Reached skill level 5 in Throwing
  5820 | D:6      | Found a runed translucent door.
  5824 | D:6      | Found a shimmering altar of Xom.
  5824 | D:6      | Noticed MirrMurr's ghost (novice GrMo)
  5825 | D:6      | Noticed a +2 hand axe of chaos
  5924 | D:6      | Found an ancient bone altar of Kikubaaqudgha.
  6112 | Temple   | Entered the Ecumenical Temple
  6354 | Temple   | Became a worshipper of the Wu Jian Council
  6397 | D:7      | Noticed a hippogriff
  6414 | D:7      | Killed a hippogriff
  6435 | D:7      | Reached XP level 9. HP: 83/84 MP: 8/8
  6561 | D:7      | Reached skill level 7 in Unarmed Combat
  6737 | D:7      | Found a stormy altar of Qazlal.
  6829 | D:7      | Reached * piety under Wu Jian
  7177 | D:8      | Noticed a two-headed ogre
  7187 | D:8      | Killed a two-headed ogre
  7187 | D:8      | Reached skill level 8 in Unarmed Combat
  7386 | D:8      | Noticed Maurice
  7394 | D:8      | Killed Maurice
  7394 | D:8      | Reached XP level 10. HP: 92/92 MP: 9/9
  7418 | D:8      | Reached skill level 9 in Unarmed Combat
  7564 | D:8      | Found a staircase to the Lair.
  8076 | Lair:1   | Entered Level 1 of the Lair of Beasts
  8174 | Lair:1   | Reached skill level 1 in Evocations
  8211 | Lair:1   | Noticed a six-headed hydra
  8325 | D:9      | Reached ** piety under Wu Jian
  8401 | D:9      | Found Goobbe's Distillery.
  8401 | D:9      | Noticed a deep elf mage
  8572 | D:9      | Found Noffa's Antique Armour Shop.
  8709 | D:9      | Killed a deep elf mage
  8709 | D:9      | Reached skill level 10 in Unarmed Combat
  8775 | D:9      | Found a bloodstained altar of Trog.
  8804 | D:9      | Found Cekuxzon's Magic Scroll Emporium.
  8841 | D:9      | Bought a scroll of identify for 26 gold pieces
  8841 | D:9      | Bought a scroll of identify for 26 gold pieces
  8841 | D:9      | Bought a scroll of torment for 97 gold pieces
  8841 | D:9      | Bought a scroll of magic mapping for 45 gold pieces
  8852 | D:9      | Bought a potion of flight for 48 gold pieces
  8859 | D:9      | Noticed a skeletal warrior
  8874 | D:9      | Killed a skeletal warrior
  8874 | D:9      | Reached XP level 11. HP: 91/100 MP: 10/10
  8922 | D:9      | Reached *** piety under Wu Jian
  9093 | D:9      | Found Daareus's Distillery.
  9173 | D:9      | Found Buckud's Assorted Antiques.
  9176 | D:9      | Bought a scroll of identify for 60 gold pieces
  9176 | D:9      | Bought a scroll labeled UMUIDGH PEMEC for 30 gold pieces
  9784 | D:6      | Killed a +2 hand axe of chaos
  9784 | D:6      | Reached skill level 1 in Maces & Flails
  9793 | D:6      | Killed MirrMurr's ghost
  9900 | D:10     | Entered Level 10 of the Dungeon
 10005 | D:10     | Noticed a two-headed ogre
 10021 | D:10     | Killed a two-headed ogre
 10251 | D:10     | Reached **** piety under Wu Jian
 10421 | D:11     | Found a runed translucent door.
 10429 | D:11     | Noticed a white ugly thing
 10438 | D:10     | Reached skill level 11 in Unarmed Combat
 10463 | D:11     | Killed a white ugly thing
 10568 | D:11     | Found a frozen archway.
 10587 | IceCv    | Entered an ice cave
 10904 | IceCv    | Reached skill level 5 in Maces & Flails
 10904 | IceCv    | Reached XP level 12. HP: 107/107 MP: 11/11
 11013 | IceCv    | Reached ***** piety under Wu Jian
 11068 | IceCv    | Reached skill level 12 in Unarmed Combat
 11082 | IceCv    | Noticed a frost giant
 11095 | IceCv    | Killed a frost giant
 11537 | D:11     | Noticed a two-headed ogre
 11547 | D:11     | Killed a two-headed ogre
 11621 | D:11     | Found a runed translucent door.
 11646 | D:11     | Found a runed translucent door.
 11662 | D:11     | Found a runed translucent door.
 11701 | D:11     | Found a staircase to the Orcish Mines.
 12491 | Lair:1   | Slain by a six-headed hydra

Illustrated notes

Levels and vault maps discovered:
D:1:      dpeg_arrival_oval, layout_loops_ring, minmay_heptomino_o4
D:2:      layout_basic, nicolae_overflow_hidden_temple,
          chequers_serial_rivers_micro_e, uniq_crazy_yiuf_cottage
D:3:      kb_forest_paths, layout_basic, serial_co_window_serial,
          co_window_paths_a, co_window_corner_a, co_window_paths_a,
          co_window_paths_a, co_window_corner_a, co_window_paths_a,
          co_window_2corner, co_window_cross_2
D:4:      layout_rooms, biasface_ghost_orc_armoury, minivault_24, led_sif_book,
          uniq_edmund, uniq_sigmund
D:5:      layout_basic
D:6:      layout_rooms, minmay_temple_entry_mini_moons, serial_glass,
          glass_columns_b, glass_columns_b, ebering_ghost_xom,
          minmay_misc_feat_x, amethyst_killhole, tgw_kikubaaqudgha, uniq_pikel
D:7:      layout_loops_ring, grunt_qazlal_clouds
D:8:      layout_basic, erik_lair_orcish_takeover, uniq_maurice
D:9:      minmay_opposing_rooms, layout_basic, serial_shops, shop,
          kennysheep_mini, shop, nicolae_shop_waterfront, kennysheep_little_box,
          basic_altar, serial_bayou_lake_a
D:10:     layout_rooms, minmay_ruffians
D:11:     layout_rooms, orc_0_dummy, portal_ice_cave_entry_pillars_2,
          minmay_statue_crystal_thing
Temple:   nicolae_temple_the_god_donut
Lair:1:   layout_roguey, lemuel_fruit_tree

Skill      XL: |  1  2  3  4  5  6  7  8  9 10 11 12 |
---------------+-------------------------------------+-----
Shields        | 3 4 5 7 8 9 |  9.0
Fighting       | 3 4 |  4.7
Dodging        | 3 |  3.0
Unarmed Combat | 3 4 5 6 8 10 11 12 | 12.8
Throwing       | 1 2 3 5 6 7 9 |  9.0
Evocations     | 2 3 |  3.0
Maces & Flails | 5 7 |  7.6

Action                   |  1- 3 |  4- 6 |  7- 9 | 10-12 || total
-------------------------+-------+-------+-------+-------++-------
Melee: Unarmed           |   120 |   137 |   225 |   737 ||  1219
       Morningstar       |       |       |       |     6 ||     6
Throw: Boomerang         |       |     3 |    64 |    73 ||   140
       Dart              |       |       |     8 |     4 ||    12
       Throwing net      |       |       |     2 |       ||     2
       Large rock        |       |       |       |     5 ||     5
Invok: Lunge             |       |       |    10 |    35 ||    45
       Whirlwind         |       |       |     2 |    61 ||    63
 Abil: Wall Jump         |       |       |       |     6 ||     6
Evoke: Wand              |       |       |       |    15 ||    15
  Use: Scroll            |       |    11 |     4 |    13 ||    28
       Potion            |       |     1 |     2 |     7 ||    10
 Stab: Sleeping          |     1 |     1 |     2 |       ||     4
       Paralysed         |       |       |       |    11 ||    11
Armor: Robe              |    42 |    44 |    34 |   136 ||   256
Dodge: Dodged            |    27 |    30 |    43 |   200 ||   300
Block: Kite shield       |    30 |    63 |   126 |   461 ||   680
       Reflection        |       |       |     2 |    21 ||    23

Table legend: (Time is in decaauts)
 A = Elapsed time spent in this place.
 B = Non-inter-level travel time spent in this place.
 C = Inter-level travel time spent in this place.
 D = Time resting spent in this place.
 E = Time spent auto-exploring this place.
 F = Levels seen in this place.
 G = Mean time per level.
                   A        B        C        D        E       F      G
               +--------+--------+--------+--------+--------+-----+--------+
         Total |  12384 |  11063 |   1321 |    502 |   7030 |  14 |  884.6 |
       Dungeon |  10916 |   9621 |   1295 |    217 |   6426 |  11 |  992.4 |
        Temple |    255 |    230 |     25 |      0 |    228 |   1 |  255.0 |
          Lair |    323 |    322 |      1 |     33 |    121 |   1 |  323.0 |
      Ice Cave |    888 |    888 |      0 |    252 |    255 |   1 |  888.0 |
               +--------+--------+--------+--------+--------+-----+--------+

Top non-repeatable levels by time:
     D:3: 1476 daAuts
     D:4: 1270 daAuts
     D:9: 1178 daAuts
     D:8: 1095 daAuts
     D:2: 1094 daAuts
     D:5: 935 daAuts
     D:1: 904 daAuts
    D:11: 902 daAuts
   IceCv: 888 daAuts
     D:7: 786 daAuts
     D:6: 725 daAuts
    D:10: 545 daAuts
  Lair:1: 323 daAuts
  Temple: 255 daAuts
